cohdb
Replays
Latest Replays
All Replays
Popular Replays
Top Player Replays
Match Explorer
How It Works
Community
CoH3 Stats
Reddit
Sign in to upload your games and track your stats! →
Sign in with Steam
Match 40327134
Unlisted
Match 40327134
Overview
Messages
Build Orders
End
Panzerpioneer Squad
Panzergrenadier Squad
250 Light Carrier
Construct Light Support Kompanie
Assault Grenadier Squad
Combat Half-tracks
Construct Mechanized Kompanie
Panzerjäger Mechanized Group
Veteran Squad Leaders
2.5-tonne Medical Truck
Construct Panzerarmee Kommand
Panzer III L Medium Tank
Emergency Repair Kits
Panzergrenadier Squad
Panzer III L Medium Tank
MG34 Team
Panzer III L Medium Tank
Vehicle Survival Package
Panzer III L Medium Tank
Rapid Advance
Selects Armored Support Battlegroup
Selects Superior Fire Drills
Selects Flammpanzer III Medium Tank
Selects Battlefield Salvage
Selects Salvage Kits
Selects Panzer Storm
Selects Stuka Dive Bomb
Panzer III L Medium Tank
Khornate General
『BlackBear』
0
0
Comments
sign in to comment!
No comments posted yet!